 Dungeon Crawl Stone Soup version 0.29.0-4-gdea44cf6ec (webtiles) character file.

Game seed: 17682802205709041550

504 qw the Chopper (level 7, -1/42 HPs)
             Began as a Tengu Warper on Aug 28, 2022.
             Slain by an ice beast (13 damage)
             ... on level 5 of the Dungeon.
             The game lasted 00:00:25 (4446 turns).

qw the Chopper (Tengu Warper)                       Turns: 4446, Time: 00:00:26

Health: -1/42      AC:  8    Str: 13    XL:     7   Next: 17%
Magic:  11/11      EV:  7    Int: 17    God:
Gold:   150        SH:  0    Dex: 12    Spells: 10/10 levels left

rFire   . . .      SeeInvis .   o - +0 broad axe
rCold   . . .      Faith    .   (no shield)
rNeg    + . .      Spirit   .   n - +0 chain mail
rPois   .          Reflect  .   (helmet restricted)
rElec   .          Harm     .   (no cloak)
rCorr   .          Rampage  .   (no gloves)
Will    .....                   (boots unavailable)
Stlth   ..........              a - amulet of regeneration
HPRegen 0.94/turn               c - ring of positive energy
MPRegen 0.12/turn               (no ring)

@: flying quickly and evasively, quick
A: beak, talons 3, nimble flight, clever 1
a: no special abilities


You were on level 5 of the Dungeon.
You visited 1 branch of the dungeon, and saw 5 of its levels.

You collected 150 gold pieces.


Innate Abilities, Weirdness & Mutations

You have a beak for a mouth.
You have claws for feet.
Your magical nature lets you fly swiftly and evasively.
Your mind is acute. (Int +4, Str/Dex -1)


   Skills:
 - Level 3.8 Fighting
 + Level 7.0 Axes
 - Level 1.0 Throwing
 - Level 2.6 Armour
 - Level 2.1 Dodging
 - Level 2.0 Spellcasting
 - Level 2.4 Translocations


You had 10 spell levels left.
You didn't know any spells.
Your spell library contained the following spells:

 Spells                   Type           Power      Damage    Failure   Level
 Blink                    Tloc           18%        N/A       98%         2
 Gell's Gravitas          Tloc           9%         N/A       100%        3
 Lesser Beckoning         Tloc           9%         N/A       100%        3
 Teleport Other           Tloc           9%         N/A       100%        3
 Manifold Assault         Tloc           9%         N/A       100%        5

Inventory:

Hand Weapons
 m - a +0 flail
 o - a +0 broad axe (weapon)
Armour
 n - a +0 chain mail (worn)
Jewellery
 a - an amulet of regeneration (around neck)
 c - a ring of positive energy (left hand)
Scrolls
 e - a scroll of identify
Potions
 b - a potion of haste
 f - 2 potions of curing
 j - a potion of resistance

Dungeon Overview and Level Annotations

Branches:
Dungeon (5/15)
 Temple: D:4-7

Altars:
Nemelex Xobeh

Shops:
D:2 (

Annotations:
D:5 Dowan, Duvessa, Prince Ribbit


Message History

The ice beast closely misses you. The black bear bites you!
The black bear claws you but does no damage.
The black bear barely misses you.
You barely miss the black bear.
You claw the black bear, but do no damage.
You peck the black bear.
The black bear is severely wounded.
You closely miss the ice beast. The ice beast barely misses you.
The black bear bites you. The black bear closely misses you.
The black bear claws you but does no damage.
You hit the black bear. Your kick misses the black bear.
Your peck misses the black bear.
The black bear is almost dead.
You hit the ice beast but do no damage. The ice beast barely misses you.
The black bear goes berserk!
The black bear bites you.
The black bear claws you but does no damage. x2
The ice beast hits you but does no damage.
You hit the black bear. You claw the black bear.
You kill the black bear!
You hit the ice beast but do no damage. The ice beast hits you.
The ice beast freezes you!
Your Fighting skill increases to level 3!
You have reached level 7!
4443 ||| DRINKING potion of heal wounds.
You feel much better. The ice beast hits you. The ice beast freezes you!
You hit the ice beast. You claw the ice beast.
The ice beast is lightly wounded.
The ice beast barely misses you.
You closely miss the ice beast. Your kick misses the ice beast.
The ice beast is lightly wounded.
The ice beast barely misses you.
You slash the ice beast! You claw the ice beast.
You peck the ice beast, but do no damage.
The ice beast is moderately wounded.
The ice beast hits you but does no damage.
The ice beast hits you. The ice beast freezes you!
You die...

##. .... ....#
..... ......
......#
.......####
......Y@..#
...##.........#
##.........
#.........
..$.......
......####.
..##### .## ###
#}8


You could see an ice beast.

Vanquished Creatures
  A black bear (D:5)
  A phantom (D:5)
  A bullfrog (D:3)
  2 jellies (D:4)
  An orc priest (D:4)
  An iguana (D:4)
  4 adders
  3 worms
  2 dart slugs
  21 orcs
  8 endoplasms
  A giant cockroach (D:4)
  6 goblins
  5 hobgoblins
  2 jackals (D:1)
  5 quokkas
  7 ball pythons
  A bat (D:1)
  3 frilled lizards
  5 kobolds
  4 rats
84 creatures vanquished.

Notes
Turn   | Place    | Note
-------+----------+-------------------------------------------
     0 | D:1      | qw the Tengu Warper began the quest for the Orb.
     0 | D:1      | Reached XP level 1. HP: 12/12 MP: 4/4
     0 | D:1      | 0 ||| qw: Version: 0.1-a-89-g26bdef1
     0 | D:1      | 0 ||| qw: Game counter: 462
     0 | D:1      | 0 ||| qw: Always use a shield: true
     0 | D:1      | 0 ||| qw: God list: Okawaru
     0 | D:1      | 0 ||| qw: Allow faded altars: false
     0 | D:1      | 0 ||| qw: Do Orc after D:15 true
     0 | D:1      | 0 ||| qw: Do second Lair branch before Depths: true
     0 | D:1      | 0 ||| qw: Lair rune preference: random
     0 | D:1      | 0 ||| qw: Plans: Normal
     0 | D:1      | 0 ||| PLANNING D:1-11
   167 | D:1      | Reached XP level 2. HP: 17/17 MP: 6/6
   189 | D:1      | 189 ||| Stepping ~*~*~tactically~*~*~ (hiding).
   198 | D:1      | Reached skill level 3 in Axes
   392 | D:1      | 392 ||| Stepping ~*~*~tactically~*~*~ (stealth).
   826 | D:1      | 826 ||| SWAPPING to +2 war axe of holy wrath.
   827 | D:1      | 827 ||| DROPPING +0 hand axe.
   971 | D:1      | 971 ||| READING scroll labelled SIECWOYCLU.
   974 | D:1      | 974 ||| READING scroll labelled QAPROR IMEIT.
   975 | D:1      | 975 ||| READING scroll labelled HEILIDIDATS.
   976 | D:1      | 976 ||| READING scroll labelled CEUCZO GOPLU.
   977 | D:1      | 977 ||| DRINKING 2 fuming black potions.
   978 | D:1      | 978 ||| DROPPING scroll of blinking.
   998 | D:2      | 998 ||| STAIRDANCE
  1062 | D:2      | 1062 ||| STAIRDANCE
  1067 | D:1      | Reached XP level 3. HP: 14/21 MP: 7/7
  1169 | D:2      | 1169 ||| STAIRDANCE
  1364 | D:2      | Found Cyacamop's Antique Weapon Emporium.
  1483 | D:2      | 1483 ||| Stepping ~*~*~tactically~*~*~ (stealth).
  1486 | D:2      | 1486 ||| Stepping ~*~*~tactically~*~*~ (stealth).
  1487 | D:2      | 1487 ||| Stepping ~*~*~tactically~*~*~ (stealth).
  1488 | D:2      | 1488 ||| Stepping ~*~*~tactically~*~*~ (stealth).
  1490 | D:2      | 1490 ||| Stepping ~*~*~tactically~*~*~ (stealth).
  1502 | D:2      | Reached skill level 4 in Axes
  1759 | D:2      | 1759 ||| Stepping ~*~*~tactically~*~*~ (hiding).
  1972 | D:2      | Identified the +10 sling "Felegg" {vorpal, rF++ rC+ Int-4
                  | Dex+4}
  2086 | D:2      | 2086 ||| UPGRADING to ring of positive energy.
  2087 | D:2      | 2087 ||| READING scroll labelled ACAEPA ELOS.
  2201 | D:2      | 2201 ||| READING scroll labelled OTTEOSCH MOCET.
  2202 | D:2      | 2202 ||| DRINKING 2 bubbling dark potions.
  2203 | D:2      | 2203 ||| READING 5 scrolls of identify.
  2203 | D:2      | 2203 ||| IDENTIFYING ruby potion
  2204 | D:2      | 2204 ||| READING 4 scrolls of identify.
  2204 | D:2      | 2204 ||| IDENTIFYING sedimented silvery potion
  2205 | D:2      | 2205 ||| READING 3 scrolls of identify.
  2205 | D:2      | 2205 ||| IDENTIFYING pink potion
  2206 | D:2      | 2206 ||| READING 2 scrolls of identify.
  2206 | D:2      | 2206 ||| IDENTIFYING inky potion
  2207 | D:2      | 2207 ||| DROPPING potion of attraction.
  2208 | D:2      | 2208 ||| DROPPING potion of flight.
  2209 | D:2      | 2209 ||| DROPPING potion of magic.
  2249 | D:3      | Noticed a bullfrog
  2250 | D:3      | 2250 ||| FLEEEEING.
  2252 | D:3      | 2252 ||| STAIRDANCE
  2333 | D:3      | Killed a bullfrog
  2334 | D:3      | Reached skill level 5 in Axes
  2334 | D:3      | Reached XP level 4. HP: 16/26 MP: 8/8
  2334 | D:3      | 2334 ||| STAIRDANCE
  2597 | D:3      | Found a sparkling altar of Nemelex Xobeh.
  2790 | D:3      | Gained mutation: Your magical nature lets you fly swiftly
                  | and evasively. [Tengu growth]
  2790 | D:3      | Reached XP level 5. HP: 30/30 MP: 9/9
  2846 | D:3      | 2846 ||| DROPPING +0 club.
  3071 | D:3      | 3071 ||| UPGRADING to +0 ring mail.
  3081 | D:3      | 3081 ||| DROPPING +0 leather armour.
  3082 | D:3      | 3082 ||| UPGRADING to amulet of regeneration.
  3087 | D:3      | 3087 ||| READING scroll labelled NEMASH JEINIRGH.
  3088 | D:3      | 3088 ||| READING 3 scrolls labelled YNOQIW XOEF.
  3089 | D:3      | 3089 ||| READING scroll labelled WAKOBRI FEAKHU.
  3090 | D:3      | 3090 ||| DROPPING 2 scrolls of summoning.
  3317 | D:4      | 3317 ||| FLEEEEING.
  3318 | D:4      | 3318 ||| FLEEEEING.
  3323 | D:4      | Reached skill level 6 in Axes
  3548 | D:4      | Reached XP level 6. HP: 19/35 MP: 10/10
  3549 | D:4      | 3549 ||| FLEEEEING.
  3550 | D:4      | 3550 ||| FLEEEEING.
  3551 | D:4      | 3551 ||| FLEEEEING.
  3552 | D:4      | 3552 ||| FLEEEEING.
  3553 | D:4      | 3553 ||| FLEEEEING.
  3554 | D:4      | 3554 ||| FLEEEEING.
  3555 | D:4      | 3555 ||| FLEEEEING.
  3556 | D:4      | 3556 ||| FLEEEEING.
  3557 | D:4      | 3557 ||| FLEEEEING.
  3558 | D:4      | 3558 ||| FLEEEEING.
  3559 | D:4      | 3559 ||| FLEEEEING.
  3560 | D:4      | 3560 ||| FLEEEEING.
  3561 | D:4      | 3561 ||| FLEEEEING.
  3562 | D:4      | 3562 ||| FLEEEEING.
  3563 | D:4      | 3563 ||| FLEEEEING.
  3601 | D:4      | Reached skill level 7 in Axes
  3813 | D:4      | 3813 ||| Stepping ~*~*~tactically~*~*~ (hiding).
  3822 | D:4      | 3822 ||| Stepping ~*~*~tactically~*~*~ (stealth).
  3828 | D:4      | 3828 ||| Stepping ~*~*~tactically~*~*~ (stealth).
  3903 | D:4      | 3903 ||| SWAPPING to +0 broad axe.
  3904 | D:4      | 3904 ||| DROPPING +2 war axe of holy wrath.
  4279 | D:4      | 4279 ||| UPGRADING to +0 scale mail.
  4289 | D:4      | 4289 ||| DROPPING +0 ring mail.
  4290 | D:4      | 4290 ||| UPGRADING to +0 chain mail.
  4300 | D:4      | 4300 ||| DROPPING +0 scale mail.
  4301 | D:4      | 4301 ||| DROPPING amulet of magic regeneration.
  4302 | D:4      | 4302 ||| DRINKING 2 fuming inky potions.
  4302 | D:4      | Gained mutation: Your flesh is heat resistant. (rF+)
                  | [potion of mutation]
  4302 | D:4      | Gained mutation: You do not regenerate when monsters are
                  | visible. [potion of mutation]
  4303 | D:4      | 4303 ||| DRINKING potion of mutation.
  4303 | D:4      | Lost mutation: You do not regenerate when monsters are
                  | visible. [potion of mutation]
  4303 | D:4      | Lost mutation: Your flesh is heat resistant. (rF+) [potion
                  | of mutation]
  4303 | D:4      | Gained mutation: Your mind is acute. (Int +4, Str/Dex -1)
                  | [potion of mutation]
  4368 | D:5      | Entered Level 5 of the Dungeon
  4423 | D:5      | Noticed Prince Ribbit
  4426 | D:5      | Noticed Duvessa
  4426 | D:5      | Noticed Dowan
  4432 | D:5      | HP: 7/36 [Duvessa/+0 rapier (5)]
  4433 | D:5      | 4433 ||| READING scroll of teleportation.
  4434 | D:5      | 4434 ||| DRINKING 2 potions of heal wounds.
  4435 | D:5      | Noticed a black bear
  4435 | D:5      | Noticed an ice beast
  4442 | D:5      | Killed a black bear
  4442 | D:5      | HP: 5/36 [ice beast (14)]
  4443 | D:5      | Reached skill level 3 in Fighting
  4443 | D:5      | Reached XP level 7. HP: 6/42 MP: 11/11
  4443 | D:5      | 4443 ||| DRINKING potion of heal wounds.
  4446 | D:5      | Slain by an ice beast

Levels and vault maps discovered:
D:1:      matt_arrival_spirals, layout_loops_ring
D:2:      layout_loops_ring, serial_shops, shop, roderic_lattice_a,
          minmay_pentomino_s2
D:3:      layout_loops_ring, nemelex_spade_bored_becter
D:4:      layout_basic
D:5:      dreamdust_elfheim, layout_layer_cave, general_overflow_altar,
          cheibrodos_ashenzari_chains, amcnicky_altar_gilded,
          minmay_temple_entry_waves, uniq_blork_the_orc, uniq_eustachio,
          uniq_prince_ribbit1, uniq_crazy_yiuf_cottage

Skill      XL: |  1  2  3  4  5  6 |
---------------+-------------------+-----
Axes           | 3 5 6 7 |  7.0
Armour         | 2 |  2.6
Fighting       | 3 |  3.8
Throwing       | |  1.0
Dodging        | |  2.1
Spellcasting   | |  2.0
Translocations | |  2.4

Action                   |  1- 3 |  4- 6 |  7- 9 || total
-------------------------+-------+-------+-------++-------
Melee: Hand axe          |    36 |       |       ||    36
       Kick              |    13 |    32 |     2 ||    47
       Peck              |     6 |    18 |     1 ||    25
       War axe           |    25 |    98 |       ||   123
       Broad axe         |       |    36 |     3 ||    39
       Punch             |       |     1 |       ||     1
Throw: Boomerang         |    18 |       |       ||    18
  Use: Scroll            |    10 |     4 |       ||    14
       Potion            |     2 |     3 |     1 ||     6
Armor: Leather armour    |    13 |     5 |       ||    18
       Ring mail         |       |    18 |       ||    18
       Chain mail        |       |    22 |     1 ||    23
Dodge: Dodged            |    29 |    63 |     2 ||    94

Table legend:
 A = Non-vault XP
 B = Vault XP
 C = Vault XP percentage of total XP
 D = Non-vault monster count
 E = Vault monster count
 F = Vault count percentage of total count
                 A         B        C        D         E       F
            +---------+---------+-------+---------+---------+-------
      Total |     718 |       3 |   0.4 |      82 |       2 |   2.4
            +---------+---------+-------+---------+---------+-------
        D:1 |      31 |       3 |   8.8 |      18 |       2 |  10.0
        D:2 |      27 |       0 |   0.0 |      13 |       0 |   0.0
        D:3 |     125 |       0 |   0.0 |      12 |       0 |   0.0
        D:4 |     284 |       0 |   0.0 |      36 |       0 |   0.0
        D:5 |     251 |       0 |   0.0 |       3 |       0 |   0.0
            +---------+---------+-------+---------+---------+-------
